Cogmind - Beta 15 @@@ ROGUE MODE // 2025.05.28 @ 22:18:29 Player: Jack Result: Self-destructed Performance ------------- Evolutions (4) 2000 Regions Visited (8) 1600 Robots Destroyed (38) 190 Value Destroyed (605) 605 Prototype IDs (23) 460 Alien Tech Used (0) 0 Bonus (300) 300 TOTAL SCORE: 5155 Bonus ------- Aligned with FarCom 300 Cogmind --------- Core Integrity 328/850 Matter 225/300 Energy 82/100 System Corruption 5% Temperature Cool (0) Movement Flying (40) Location -6/Factory Parts ------- > --- POWER (1) -------- (None) > --- PROPULSION (2) --- Xenon Bombardment Thruster > --- UTILITY (10) ----- Visual Processing Unit Improved Sensor Array Improved Signal Interpreter Advanced Signal Interpreter Hacking Suite Hacking Suite Hacking Suite > --- WEAPON (2) ------- Longsword +1 > --- INVENTORY (5) ---- YOLO Cannon Chainsword Peak State ------------ > --- POWER ------------ Light Ion Engine > --- PROPULSION ------- Xenon Bombardment Thruster Xenon Bombardment Thruster > --- UTILITY ---------- Structural Scanner Visual Processing Unit Improved Sensor Array Improved Signal Interpreter Advanced Signal Interpreter Hacking Suite Hacking Suite Hacking Suite Hacking Suite Authchip [Processor] > --- WEAPON ----------- Longsword +1 > --- INVENTORY -------- Xenon Bombardment Thruster Improved Sensor Array YOLO Cannon Chainsword [Rating: 50] Favorites ----------- Power Light Ion Engine Engine Light Ion Engine Power Core Micro Nuclear Core Propulsion Flight Unit Flight Unit Flight Unit Utility Hacking Suite Device Improved Sensor Array Processor Improved Signal Interpreter Hackware Hacking Suite Weapon Longsword +1 Energy Gun Small Laser Energy Cannon YOLO Cannon Ballistic Gun Light Assault Rifle Launcher Grenade Launcher Slashing Weapon Longsword +1 Build | -11 -10 -10 -10 -9 -8 -8 -8 -6 ------- Run | Yrd Mat Min Exi Min Mat Sto Rec Fac Slots Evolved 8 | . . . . . 4 . . 4 Power . | . . . . . . . . . Propulsion . | . . . . . . . . . Utility 8 | . . . . . 4 . . 4 Weapon . | . . . . . . . . . Parts Attached 42 | 2 2 6 . . 2 3 5 22 Power 3 | . . . . . . . 1 2 Engine 2 | . . . . . . . 1 1 Core 1 | . . . . . . . . 1 Reactor . | . . . . . . . . . Propulsion 12 | . 2 4 . . . . 2 4 Treads . | . . . . . . . . . Leg . | . . . . . . . . . Wheel . | . . . . . . . . . Hover . | . . . . . . . . . Flight 12 | . 2 4 . . . . 2 4 Utility 18 | . . . . . 1 3 2 12 Device 6 | . . . . . . 3 . 3 Storage . | . . . . . . . . . Processor 3 | . . . . . 1 . . 2 Hackware 9 | . . . . . . . 2 7 Protection . | . . . . . . . . . Artifact . | . . . . . . . . . Weapon 9 | 2 . 2 . . 1 . . 4 Energy Gun 2 | 2 . . . . . . . . Energy Cannon 1 | . . . . . . . . 1 Ballistic Gun 2 | . . 2 . . . . . . Ballistic Cannon . | . . . . . . . . . Launcher 1 | . . . . . . . . 1 Special Weapon . | . . . . . . . . . Impact Weapon . | . . . . . . . . . Slashing Weapon 3 | . . . . . 1 . . 2 Piercing Weapon . | . . . . . . . . . Special Melee Weapon . | . . . . . . . . . Unidentified Prototypes . | . . . . . . . . . Corrupted Parts 2 | . . . . . . . 2 . System Corruption 3 | . . . . . . . 3 . Parts Lost 18 | . . 4 . . . 1 . 13 Power 2 | . . . . . . . . 2 Propulsion 8 | . . 3 . . . 1 . 4 Utility 6 | . . . . . . . . 6 Weapon 2 | . . 1 . . . . . 1 Highest Loss Streak 7 | . . 3 . . . 1 . 7 To Critical Strikes . | . . . . . . . . . Average Backups 3 | . 1 3 4 4 4 3 3 3 Power . | . . . . . . . . . Propulsion . | . . 1 2 1 . . . . Utility . | . . . . . . . . . Weapon 2 | . 1 2 2 3 3 3 3 2 Tool/Special . | . . . . . . . . . Unused Backups 5 | . . . 2 1 . . 1 1 Power . | . . . . . . . . . Propulsion 4 | . . . 1 1 . . 1 1 Utility . | . . . . . . . . . Weapon 1 | . . . 1 . . . . . Tool/Special . | . . . . . . . . . Average Slot Usage (%) 57 | . 31 52 57 57 38 47 61 63 Engine 1 | . . . . . . . 5 2 Flight 13 | . 3 25 28 28 18 14 15 8 Device 7 | . . . . . . 11 18 9 Processor 8 | . . . . . 2 9 9 14 Hackware 12 | . . . . . . . 6 21 Energy Gun 4 | . 28 18 . . . . . . Ballistic Gun 5 | . . 7 28 28 13 5 . . Slashing Weapon 3 | . . . . . 4 7 6 4 Peak Build Rating 50 | 2 4 4 7 7 13 17 29 50 Average Rating 22 | 1 2 3 5 6 9 13 21 34 On Entrance 8 | . 2 4 4 7 7 13 11 29 Naked Turns . | . . . . . . . . . Heaviest Build 10 | 3 3 3 2 2 5 8 9 10 Greatest Support 12 | 3 8 8 8 8 8 8 10 12 Greatest Overweight (x) 1 | . . . . . . 1 . 1 Average Overweight (x) . | . . . . . . . . . Largest Inventory Capacity 5 | 5 5 5 5 5 5 5 5 5 Average Capacity 5 | 5 5 5 5 5 5 5 5 5 Most Carried 5 | 1 2 5 5 5 5 5 5 5 Average Carried 4 | . 1 3 4 4 4 4 4 4 Final Capacity 5 | 5 5 5 5 5 5 5 5 5 Final Carried 5 | 1 2 5 5 5 5 5 5 3 Class Distribution -------------------- 30% | Scout 29% | Hacker-Scout 18% | Mutant 18% | Scavenger-Mutant 3% | Hacker-Mutant Dominant Class ---------------- Mutant | -10/Materials Mutant | -10/Mines Scavenger-Mutant | -10/Exiles Scavenger-Mutant | -9/Mines Scavenger-Mutant | -8/Materials Scout | -8/Storage Scout | -8/Recycling Hacker-Scout | -6/Factory Resources | -11 -10 -10 -10 -9 -8 -8 -8 -6 ----------- Run | Yrd Mat Min Exi Min Mat Sto Rec Fac Matter Collected 609 | . 46 163 . 75 . 15 110 200 Remotely . | . . . . . . . . . Salvage Created 882 | . 31 112 . . . 15 367 357 Parts 80 | . 3 19 . . . 5 11 42 Haulers Intercepted . | . . . . . . . . . Recyclers Shooed . | . . . . . . . . . Parts Field Recycled . | . . . . . . . . . Retrieved Matter . | . . . . . . . . . Parts Self-Destructed . | . . . . . . . . . Prevented . | . . . . . . . . . Kills | -11 -10 -10 -10 -9 -8 -8 -8 -6 ------- Run | Yrd Mat Min Exi Min Mat Sto Rec Fac Combat Hostiles Destroyed 20 | . 2 8 . . . . . 10 Melee 6 | . . . . . . . . 6 Guns 8 | . 2 6 . . . . . . AOE 6 | . . 2 . . . . . 4 Classes Destroyed 6 | . 1 1 . . . 1 1 2 Worker 4 | . . 1 . . . . . 3 Builder 7 | . . . . . . 1 . 6 Recycler 5 | . . . . . . . 5 . Watcher 2 | . . . . . . . . 2 Swarmer 18 | . 2 8 . . . . . 8 Programmer 2 | . . . . . . . . 2 Best Kill Streak 7 | . 2 4 . . . 1 3 7 Combat Bots Only 4 | . 2 3 . . . . . 4 Max Kills in Single Turn 2 | . 1 2 . . . 1 1 2 Gunslinging 1 | . . 1 . . . . . . Exploded 2 | . . 1 . . . . . 2 Melee 1 | . . . . . . . . 1 Uniques/NPCs Destroyed . | . . . . . . . . . Combat | -11 -10 -10 -10 -9 -8 -8 -8 -6 -------- Run | Yrd Mat Min Exi Min Mat Sto Rec Fac Hostile Shots Fired 230 | . 11 42 . . 3 26 . 148 Missed 101 | . 5 14 . . 1 11 . 70 Hits 129 | . 6 28 . . 2 15 . 78 Projectile 129 | . 6 28 . . 2 15 . 78 Critical Strikes 3 | . . . . . . 1 . 2 Damage Taken 1640 | . 51 281 . . 26 226 . 1056 Core 860 | . 25 148 . . . 165 . 522 Absorbed by Shields 31 | . . . . . . . . 31 Regen/Repaired (Parts) 12 | . . . . . . . . 12 Core Remaining (%) 66 | 100 . . . 30 . . 70 . Volleys Fired 26 | . 3 17 . . . . . 6 Largest 2 | . 2 2 . . . . . 1 Hottest 100 | . 80 80 . . . . . 100 Shots Fired 43 | . 6 31 . . . . . 6 Gun 37 | . 6 31 . . . . . . Cannon 1 | . . . . . . . . 1 Launcher 5 | . . . . . . . . 5 Special . | . . . . . . . . . Kinetic 4 | . . 4 . . . . . . Thermal 19 | . 3 15 . . . . . 1 Explosive 5 | . . . . . . . . 5 Electromagnetic 15 | . 3 12 . . . . . . Robot Hit Streak 3 | . 1 3 . . . . . 1 Robot Miss Streak 4 | . 3 3 . . . . . 4 Penetration Max . | . . . . . . . . . Secondary Targets 1 | . . 1 . . . . . . Max Gunslinging Chain 1 | . . 1 . . . . . . Shots Hit Robots 48 | . 2 13 . . . 1 6 26 Core Hits 36 | . 2 9 . . . . 4 21 Critical Kills . | . . . . . . . . . Critical Parts Destroyed . | . . . . . . . . . Critical Strikes 1 | . . 1 . . . . . . Corrupt 1 | . . 1 . . . . . . Melee Attacks 90 | . . . . . 1 3 7 79 Impact . | . . . . . . . . . Slashing 90 | . . . . . 1 3 7 79 Piercing . | . . . . . . . . . Sneak Attacks 12 | . . . . . . 1 5 6 Combat Hostiles . | . . . . . . . . . Follow-up Attacks . | . . . . . . . . . Damage Inflicted 3064 | . 42 308 . . . 108 508 2098 Guns 168 | . 42 126 . . . . . . Cannons 75 | . . . . . . . . 75 Explosions 740 | . . 182 . . . . . 558 Melee 2081 | . . . . . . 108 508 1465 Ramming . | . . . . . . . . . Kinetic 7 | . . 7 . . . . . . Thermal 643 | . 32 237 . . . . . 374 Explosive 259 | . . . . . . . . 259 Electromagnetic 74 | . 10 64 . . . . . . Impact . | . . . . . . . . . Slashing 2081 | . . . . . . 108 508 1465 Piercing . | . . . . . . . . . Highest Corruption 5 | . . . . . . . 3 5 Average Corruption 3 | . . . . . . . 2 4 Corruption Purged . | . . . . . . . . . Corruption Blocked . | . . . . . . . . . Effects 3 | . . . . . . . 1 2 Message Errors 1 | . . . . . . . . 1 Energy Discharges 1 | . . . . . . . 1 . Parts Rejected 1 | . . . . . . . . 1 Overload Shots . | . . . . . . . . . Overflow Damage 640 | . . 17 . . . 68 127 428 Projectiles . | . . . . . . . . . Explosions 42 | . . 17 . . . . . 25 Melee 598 | . . . . . . 68 127 403 Knockbacks . | . . . . . . . . . Impact . | . . . . . . . . . Kinetic . | . . . . . . . . . Secondary . | . . . . . . . . . Self-Inflicted Damage 112 | . . 53 . . . . . 59 Shots 4 | . . 2 . . . . . 2 Rammed . | . . . . . . . . . Targets Rammed . | . . . . . . . . . Kicked . | . . . . . . . . . Crushed . | . . . . . . . . . Highest Temperature 44 | . 9 44 . . . . . . Average Temperature 17 | . 5 20 . . . . . . Received Heat Transfer 216 | . 6 9 . . 9 90 . 102 Siege Activations . | . . . . . . . . . Martial Activations . | . . . . . . . . . Shielding Activations . | . . . . . . . . . Robots Disrupted . | . . . . . . . . . Combat Hostiles . | . . . . . . . . . Robots Corrupted . | . . . . . . . . . Combat Hostiles . | . . . . . . . . . Parts Fried . | . . . . . . . . . Impact Corruptions . | . . . . . . . . . Robots Melted . | . . . . . . . . . Combat Hostiles . | . . . . . . . . . Parts Melted . | . . . . . . . . . Heat Transferred 750 | . 75 275 . . . . . 400 Parts Sabotaged . | . . . . . . . . . Parts Stolen . | . . . . . . . . . Parts Stripped . | . . . . . . . . . Power Chain Reactions 1 | . . 1 . . . . . . Alert | -11 -10 -10 -10 -9 -8 -8 -8 -6 ------- Run | Yrd Mat Min Exi Min Mat Sto Rec Fac Maximum Alert Level . | . . . . . . . . . Low Security (%) 100 | 100 100 100 . 100 100 100 100 100 Level 1 . | . . . . . . . . . Level 2 . | . . . . . . . . . Level 3 . | . . . . . . . . . Level 4 . | . . . . . . . . . Level 5 . | . . . . . . . . . High Security . | . . . . . . . . . Max Security . | . . . . . . . . . Peak Influence 193 | . 50 191 . . 13 15 10 193 Initial 11 | . . 11 . . . 5 1 . Average 67 | . 10 120 . . 3 5 1 94 Influence Increases 1073 | . 65 300 . . 23 28 25 632 Destroy 0b10 Robot/C 400 | . 40 160 . . . . . 200 Destroy 0b10 Robot/NC 90 | . . 5 . . . 5 25 55 Destroy Leader 74 | . 10 20 . . . . . 44 Successful Hack 20 | . . . . . 8 6 . 6 Disable Machine 75 | . . 30 . . 15 . . 30 Destroy Structure 84 | . . 10 . . . 2 . 72 Partial Spotted 30 | . . . . . . . . 30 Lose Combat Pursuer 300 | . 15 75 . . . 15 . 195 Influence Decreases 985 | . 35 149 181 . 10 36 30 544 Entered New Map 212 | . . 19 181 . . 8 4 . Time Decay 601 | . 35 90 . . 10 26 26 414 Lost Part 172 | . . 40 . . . 2 . 130 Squads Dispatched 14 | . 1 1 . . 1 1 . 10 Investigation 6 | . . . . . 1 . . 5 Extermination 4 | . . . . . . . . 4 Reinforcement 3 | . 1 . . . . 1 . 1 Assault 1 | . . 1 . . . . . . Garrison . | . . . . . . . . . Intercept . | . . . . . . . . . Searches Triggered . | . . . . . . . . . Construction Impeded . | . . . . . . . . . Haulers Reinforced . | . . . . . . . . . Active Scanning Responses . | . . . . . . . . . Cargo Convoy Interrupts . | . . . . . . . . . Stealth | -11 -10 -10 -10 -9 -8 -8 -8 -6 --------- Run | Yrd Mat Min Exi Min Mat Sto Rec Fac Distress Signals 4 | . 1 . . . . 2 . 1 Communications Jammed . | . . . . . . . . . Distress Signals . | . . . . . . . . . Times Spotted 75 | . 11 16 . 4 3 9 . 32 Peak Tracking Total 10 | . 4 4 . 9 3 10 . 6 Tactical Retreats 12 | . 1 2 . 1 . 1 . 7 Traps | -11 -10 -10 -10 -9 -8 -8 -8 -6 ------- Run | Yrd Mat Min Exi Min Mat Sto Rec Fac Traps Triggered 3 | . . . . . . . . 3 Indirectly . | . . . . . . . . . Trap Hack Attempts . | . . . . . . . . . Triggered . | . . . . . . . . . Disarmed . | . . . . . . . . . Reprogrammed . | . . . . . . . . . Reused . | . . . . . . . . . Traps Extracted . | . . . . . . . . . Installed . | . . . . . . . . . Triggered . | . . . . . . . . . Machines | -11 -10 -10 -10 -9 -8 -8 -8 -6 ---------- Run | Yrd Mat Min Exi Min Mat Sto Rec Fac Machines Disabled 5 | . . 2 . . 1 . . 2 Max in Single Turn 1 | . . 1 . . 1 . . 1 Garrison Access 1 | . . . . . . . . 1 Machines Repaired . | . . . . . . . . . Machines Dismantled . | . . . . . . . . . Machines Sabotaged . | . . . . . . . . . Overloaded Fab Kills . | . . . . . . . . . Hacking | -11 -10 -10 -10 -9 -8 -8 -8 -6 --------- Run | Yrd Mat Min Exi Min Mat Sto Rec Fac Machines Accessed 21 | . . . 1 1 2 4 . 13 Terminals 11 | . . . . . 2 4 . 5 Fabricators 5 | . . . . . . . . 5 Repair Stations 2 | . . . . . . . . 2 Recycling Units . | . . . . . . . . . Scanalyzers . | . . . . . . . . . Garrison Access 1 | . . . . . . . . 1 Total Hacks 42 | . . . 1 1 5 5 . 30 Successful 29 | . . . 1 1 1 4 . 22 Failed 13 | . . . . . 4 1 . 8 Catastrophic 6 | . . . . . 3 . . 3 Database Lockouts . | . . . . . . . . . Manual 23 | . . . 1 . 5 3 . 14 Terminals 16 | . . . . . 5 5 . 6 Fabricators 20 | . . . . . . . . 20 Repair Stations 3 | . . . . . . . . 3 Recycling Units . | . . . . . . . . . Scanalyzers . | . . . . . . . . . Garrison Access 1 | . . . . . . . . 1 Terminal Hacks 8 | . . . 1 1 1 3 . 2 Part Schematic 1 | . . . . . 1 . . . Open Door 3 | . . . . 1 . 2 . . Level Access Points 1 | . . . . . . . . 1 Branch Access Points 1 | . . . . . . 1 . . Recall Extermination 1 | . . . . . . . . 1 Proto ID Catalog 1 | . . . 1 . . . . . Fabricator Hacks 14 | . . . . . . . . 14 Network Status 2 | . . . . . . . . 2 Load Schematic 7 | . . . . . . . . 7 Build 5 | . . . . . . . . 5 Repair Station Hacks . | . . . . . . . . . Recycling Unit Hacks . | . . . . . . . . . Scanalyzer . | . . . . . . . . . Garrison Access Hacks 1 | . . . . . . . . 1 Seal Access 1 | . . . . . . . . 1 Unauthorized Hacks 6 | . . . . . . 1 . 5 Terminals 2 | . . . . . . 1 . 1 Track 1 | . . . . . . . . 1 Botnet 1 | . . . . . . 1 . . Fabricators 2 | . . . . . . . . 2 Recompile 2 | . . . . . . . . 2 Repair Stations 2 | . . . . . . . . 2 Patch 2 | . . . . . . . . 2 Recycling Units . | . . . . . . . . . Scanalyzers . | . . . . . . . . . Garrison Access . | . . . . . . . . . Data Cores Recovered . | . . . . . . . . . Used . | . . . . . . . . . Hacking Detections 6 | . . . . . 1 . . 5 Full Trace Events 2 | . . . . . 1 . . 1 Feedback Events . | . . . . . . . . . Feedback Blocked . | . . . . . . . . . Robot Schematics Acquired . | . . . . . . . . . Robots Built . | . . . . . . . . . Authchips . | . . . . . . . . . Time . | . . . . . . . . . Total Robot Build Rating . | . . . . . . . . . Part Schematics Acquired 1 | . . . . . 1 . . . Parts Built 5 | . . . . . . . . 5 Authchips 4 | . . . . . . . . 4 Time 168 | . . . . . . . . 168 Total Part Build Rating 15 | . . . . . . . . 15 Parts Repaired . | . . . . . . . . . Time . | . . . . . . . . . Parts Recycled . | . . . . . . . . . Recycled Matter . | . . . . . . . . . Retrieved Matter . | . . . . . . . . . Retrieved Components . | . . . . . . . . . Parts Scanalyzed . | . . . . . . . . . Part Schematics Acquired . | . . . . . . . . . Parts Damaged . | . . . . . . . . . Bothacking | -11 -10 -10 -10 -9 -8 -8 -8 -6 ------------ Run | Yrd Mat Min Exi Min Mat Sto Rec Fac Used RIF Installer . | . . . . . . . . . Robots Hacked . | . . . . . . . . . Non-combat . | . . . . . . . . . Combat . | . . . . . . . . . Robot Hacks Applied . | . . . . . . . . . Relay Couplers Released . | . . . . . . . . . Fabnet Peak Effective % . | . . . . . . . . . Robots Rewired . | . . . . . . . . . Allies Hacked . | . . . . . . . . . Hacks Repelled . | . . . . . . . . . Allies | -11 -10 -10 -10 -9 -8 -8 -8 -6 -------- Run | Yrd Mat Min Exi Min Mat Sto Rec Fac Total Allies 3 | . . . . 3 . . . . Largest Group 3 | . . . . 3 . . . . Highest-Rated Group 40 | . . . . 40 . . . . Highest-Rated Ally 16 | . . . . 16 . . . . Total Orders . | . . . . . . . . . Ally Attacks 35 | . . . . 35 . . . . Total Damage 315 | . . . . 315 . . . . Kills 8 | . . . . 8 . . . . Allies Corrupted . | . . . . . . . . . Allies Melted . | . . . . . . . . . Intel | -11 -10 -10 -10 -9 -8 -8 -8 -6 ------- Run | Yrd Mat Min Exi Min Mat Sto Rec Fac Active Infowar (turns) 1160 | . . . . . . 38 68 1054 Optics 944 | . . . . . . . . 944 Sensors 1062 | . . . . . . 38 68 956 Terrain 4 | . . . . . . 4 . . Structural 739 | . . . . . . 28 68 643 Robot Analysis Total . | . . . . . . . . . Derelict Logs Recovered 2 | . . . . 2 . . . . Drone Launches . | . . . . . . . . . Drone Recoveries . | . . . . . . . . . Exploration | -11 -10 -10 -10 -9 -8 -8 -8 -6 ------------- Run | Yrd Mat Min Exi Min Mat Sto Rec Fac Turns Passed 1928 | 18 149 182 82 169 33 92 137 1066 Spaces Moved 3112 | 28 286 320 211 198 69 172 312 1516 Core 279 | 28 219 2 . . . 4 . 26 Treads . | . . . . . . . . . Legs . | . . . . . . . . . Wheels . | . . . . . . . . . Hover . | . . . . . . . . . Flight 2833 | . 67 318 211 198 69 168 312 1490 Fastest Speed 32 | 50 37 37 37 37 37 37 32 32 Average Speed 37 | 50 46 37 37 37 37 39 33 37 Slowest Speed 120 | 50 50 50 37 37 37 100 40 120 Overloaded Moves . | . . . . . . . . . Propulsion Burnouts . | . . . . . . . . . Robots Hopped 11 | . 3 2 . . . 2 . 4 Potential Cave-ins . | . . . . . . . . . Cave-ins Triggered . | . . . . . . . . . Exploration Rate (%) 45 | 3 47 74 60 51 14 47 66 43 Regions Visited 8 Branch Regions 5 Pre-discovered Areas 1 | . . . . 1 . . . . Known Exits Taken 4 | . . . . 1 1 1 1 . Unknown Exits Taken 4 | 1 1 1 1 . . . . . Scrap Searched 2 | . . 1 . 1 . . . . Spaces Dug 45 | . . . . . . 2 . 43 Terrain Destroyed 86 | . . 10 . . . 2 . 74 Melee 45 | . . . . . . 2 . 43 Projectile . | . . . . . . . . . AOE 41 | . . 10 . . . . . 31 Terrain Rammed . | . . . . . . . . . Walls Destroyed . | . . . . . . . . . Machines Disabled . | . . . . . . . . . Actions | -11 -10 -10 -10 -9 -8 -8 -8 -6 --------- Run | Yrd Mat Min Exi Min Mat Sto Rec Fac Total 3686 | 30 289 347 215 293 73 189 329 1921 Wait 358 | . 1 4 . 94 . 9 . 250 Move 3084 | 27 279 316 210 197 68 168 311 1508 Hop 9 | . 3 1 . . . 1 . 4 Pick Up 13 | 1 1 2 2 1 1 . 2 3 Fast Attach 32 | 2 2 5 . . 1 2 4 16 Attach 15 | . . . . . . 2 2 11 Detach 9 | . . . . . . 2 . 7 Swap 5 | . . 1 . . 1 . 1 2 Drop 14 | . . 1 3 1 1 2 2 4 Fire 26 | . 3 17 . . . . . 6 Melee 90 | . . . . . 1 3 7 79 Ram . | . . . . . . . . . Kick . | . . . . . . . . . Crush . | . . . . . . . . . Escape Stasis 31 | . . . . . . . . 31 Rewire . | . . . . . . . . . Trap . | . . . . . . . . . Miscellaneous . | . . . . . . . . . Route ------- -11/Scrapyard -10/Materials (discovered 3 exits: [*Mat x2] / [*Min]) -10/Mines (discovered 3 exits: [*Mat x2] / *Exi) -10/Exiles -9/Mines (discovered 2 exits: *Mat x2) -8/Materials -8/Storage -8/Recycling -6/Factory (discovered 4 exits: Fac x4) History --------- Turn | Location | Event 5 | -11/Scrapyard | Discovered new exit (range 15) 19 | -11/Scrapyard | Entered Materials 82 | -10/Materials | Discovered new exit (range 12) 150 | -10/Materials | Discovered new exit (range 5) 165 | -10/Materials | Discovered new exit (range 7) 168 | -10/Materials | Entered Mines 186 | -10/Mines | Discovered new exit (range 15) 193 | -10/Mines | Discovered new exit (range 10) 226 | -10/Mines | Met a Derelict testing a Signal Generator 268 | -10/Mines | Core integrity fell below 50% 310 | -10/Mines | Lost 3 parts (2n1w) 348 | -10/Mines | Deemed a non-threat by the Exiles lab entrance 348 | -10/Mines | Discovered new exit (range 5) 350 | -10/Mines | Entered Exiles 359 | -10/Exiles | Met 8R-AWN 366 | -10/Exiles | Met EX-HEX 376 | -10/Exiles | Met EX-BIN 380 | -10/Exiles | Aligned with FarCom system 380 | -10/Exiles | Given EX-Vault access code 390 | -10/Exiles | Opened EX-Vault 394 | -10/Exiles | Found YOLO Cannon 397 | -10/Exiles | Found Longsword +1 405 | -10/Exiles | Warned to stay clear of 0b10 Research branches 416 | -10/Exiles | Met EX-DEC 429 | -10/Exiles | Discovered new exit (range 10) 432 | -10/Exiles | Stole two prototypes: YOLO Cannon, Longsword +1 432 | -10/Exiles | Entered Mines 433 | -9/Mines | Assembled infested the area 434 | -9/Mines | Assisted by bots powering up and referring to "LRC-V3" 438 | -9/Mines | Assisted by a Guerilla fighting off Assembled 565 | -9/Mines | Identified exit to Materials 572 | -9/Mines | Learned location of Storage (-8) 589 | -9/Mines | Build established: Scavenger-Mutant 591 | -9/Mines | Discovered exit to Materials (range 12) 596 | -9/Mines | Met a Derelict who couldn't figure out how to use a Trap Extractor 601 | -9/Mines | Entered Materials 601 | -8/Materials | Evolved 4 slots: Utility x4 612 | -8/Materials | Discovered new exit (range 8) 634 | -8/Materials | Identified exit to Storage 634 | -8/Materials | Entered Storage 636 | -8/Storage | FarCom data flow suspended 642 | -8/Storage | Identified exit to Recycling 725 | -8/Storage | Used back door to open Recycling access 726 | -8/Storage | Entered Recycling 859 | -8/Recycling | Discovered new exit (range 12) 863 | -8/Recycling | Identified exit to Factory 863 | -8/Recycling | Entered Factory 863 | -6/Factory | Evolved 4 slots: Utility x4 992 | -6/Factory | Lost 7 parts (1p2n3u1w) 1256 | -6/Factory | Build established: Scout 1263 | -6/Factory | Fabricated Hacking Suite (x1) 1301 | -6/Factory | Fabricated Hacking Suite (x1) 1338 | -6/Factory | Fabricated Hacking Suite (x1) 1616 | -6/Factory | Build established: Hacker-Scout 1792 | -6/Factory | Fabricated Hacking Suite? 1794 | -6/Factory | Spotted B-75 Beast 1830 | -6/Factory | Fabricated Hacking Suite? 1848 | -6/Factory | Core integrity fell below 50% 1875 | -6/Factory | Identified exit to Factory 1899 | -6/Factory | Lost 6 parts (1p2n3u) 1929 | -6/Factory | Self-destructed Last Messages --------------- Acquired Mic. Nuclear Core. Xenon Bombardment Thruster destroyed. Structural Scanner destroyed. Dropped Mic. Nuclear Core. Connecting with Terminal... >>Access(Main) Found 4 level access points to Factory: (23,166) (178,61) (191,60) (67,41) Map updated. Connecting with Repair Station... >>Force(Patch) PATCHED[Xenon Bombardment Thruster] ALERT: Suspicious activity at Repair Station F001. Dispatching Investigation squad. Construction Platform disabled. ID>8RCDRYMQULU/P NOXBS4U6IQF=JC#CD K-01 Serf cleans the Fusion Modulator. Map ----- +----------------------------------------------------+ | """ """ ###?????????????????????????# # """ | | """ """ + #?????????????????????????# + """ | | """ """ ###?????????????????????????# # """ | | ##??????????????????????????# #??## | | """ """ ###?????????????????????????# #???? | | """ """*###?????????????????????????# #???? | | """ """ "##?????????????############# #???? | | ###???????????? #???? | | ##########"###???????????? +???? | | #################????????? #???? | | #################????? ? #???? | | ##??? #???? | | ############ #### ##?############# #???+ | | ############ #### ##?????????????# #### | | ??????????## ##?????????????# | | ??????????## ##?????????????# | | ############ "" "" ##?????????????# | | ############ "" "" ! ##?????????????# """ | | + """ """ ##?????????????# """ | | """ #### """ """ ##############?##### """ | | """ #### """ """ # ! #?????# | | """ #### # """ """ #?????# """ | | #### """ "" + """ """ [ ####### """ | | ! """ #### """ "" # """ """ + """ | | """ #### """ """ # R kk # | | """ #### """ k #@""" """ p + p | | #### """ # """ """ ######"#####+ | | #+########## = # """ """ #????## | | ^ # #????## | | # #????## | | # #????## | | # #????## """ | | ##############????## """ | | +#############+######"###?????????????????## """ | | ## ##???????????????????## | | ## #????????????????????##= """ | | ## #????????????????????## """ | | ## #????????????????????## """ | | " ## #????????????????????## | | " ## #????????????????????#######" | | " ## #????????????????????######## | | " """ ## ##????????????????????????### | | " """ ## "#?????????????????????????## | | " F" ## ##?????????????????????????## | | "" ## #??????????????????????????## | | ## #??????????????????????????## | | ######################??????????????????????????## | | #########???????????????????????????????????????## | | ????????????????????????????????????????????????## | | ???????????????????????????????????????????????### | +----------------------------------------------------+ Best States ------------- Heat Dissipation 37 Energy Generation 15 Energy Capacity 150 Matter Stores 300 Matter Capacity 300 Sight Range 18 Robot Scan Range 15 Terrain Scan Density 10 Evasion (%) 63 Offensive Hacking 40 Defensive Hacking 12 Authchip Count 3 Item Schematics ----------------- Hacking Suite | -8/Materials | Hacked Robot Schematics ------------------ None Fabricated ------------ Hacking Suite | x1 | -6/Factory | Authchip Hacking Suite | x1 | -6/Factory | Authchip Hacking Suite | x1 | -6/Factory | Authchip Hacking Suite | x1 | -6/Factory | Authchip Hacking Suite | x1 | -6/Factory Repaired ---------- Nothing Alien Tech Used ----------------- None Achievements -------------- None Challenges ------------ None Game ------ Seed CommWeldingSaw Manual? 0 Play Time 00:32:27 Cumulative 214.4 hours Start 2025.05.28 @ 21:11:32 End 2025.05.28 @ 22:18:29 Sessions 3 Manual Loads 0 Difficulty Rogue Special Mode None Game No. 218 Rogue 33 Adventurer 173 Explorer 12 Win Type - Total 58 Types 16/1/16/2/12/0/4/2/0/5 Lore% 48 Gallery% 49 Achievement% 67 Wizard Run 0 Options --------- Layout 0 ASCII 0 Keyboard 0 Movement Numpad Keybinds 0 Fullscreen 2 Font 12/Smallcaps Map View 83x54 Zoom Use 0% Tactical HUD 0 Map Filters NONE Filters NONE Steam 1 RUN: c9f00146-bd2f-4e1b-81e8-2130bd3fcbcb